 Dungeon Crawl Stone Soup version 0.22-a0-422-g9628fc8 (webtiles) character file.

50 dstrtnsr the Chopper (level 3, -2/34 HPs)
             Began as a Hill Orc Berserker on May 16, 2018.
             Was a Believer of Trog.
             Slain by a gnoll
             ... wielding a +0 halberd
              (10 damage)
             ... on level 2 of the Dungeon.
             The game lasted 00:01:05 (1309 turns).

dstrtnsr the Chopper (Hill Orc Berserker)           Turns: 1309, Time: 00:01:06

Health: -2/34      AC:  5    Str: 23    XL:     3   Next: 79%
Magic:  3/3        EV: 10    Int:  7    God:    Trog [**....]
Gold:   70         SH:  3    Dex: 10    Spells: 2/2 levels left

rFire    x . .     SeeInvis .   a - +1 hand axe
rCold    + . .     Gourm    .   m - +0 buckler
rNeg     . . .     Faith    .   n - +0 ring mail
rPois    .         Spirit   .   (no helmet)
rElec    .         Reflect  .   (no cloak)
rCorr    .         Harm     .   (no gloves)
MR       .....                  (no boots)
Stlth    ..........             (no amulet)
HPRegen  0.11/turn              g - ring of ice (curse)
MPRegen  0.08/turn              p - +3 ring of strength

@: berserk cooldown, slowed, very slow
A: no striking features
a: Berserk, Trog's Hand, Renounce Religion


You were on level 2 of the Dungeon.
You worshipped Trog.
Trog was pleased with you.
You were near starving.

You visited 1 branch of the dungeon, and saw 2 of its levels.

You collected 70 gold pieces.

Inventory:

Hand Weapons
 a - a +1 hand axe (weapon)
Armour
 m - a +0 buckler (worn)
 n - a +0 ring mail (worn)
Jewellery
 g - a cursed ring of ice (left hand)
 p - a +3 ring of strength (right hand)
Scrolls
 h - a scroll of identify {unknown}
 i - a scroll of amnesia {unknown}
 j - a scroll of teleportation {unknown}
 k - a scroll of fear {unknown}
 l - 2 scrolls of enchant weapon
Potions
 b - a potion of magic {unknown}
 c - a potion of haste {unknown}
 d - 2 potions of curing {@q1}
 o - a potion of lignification {unknown}
Comestibles
 e - a ration {!d}
 f - 2 chunks of flesh


   Skills:
 + Level 4.3 Fighting
 * Level 5.5 Axes
 - Level 2.1 Armour
 - Level 1.5 Dodging


You had 2 spell levels left.
You didn't know any spells.
Your spell library was empty.

Dungeon Overview and Level Annotations

Branches:
Dungeon (2/15)

Altars:


Message History

p - a +3 ring of strength (right hand)
Found a chain mail.
A hobgoblin comes into view.
The hobgoblin shouts!
You hear a shout!
You see here a chain mail.
A hobgoblin is nearby!
A hobgoblin is nearby!
A hobgoblin is nearby!
You slash the hobgoblin!
You kill the hobgoblin!
Trog accepts your kill.
No target in view!
No target in view!
An adder comes into view.
Things that are here:
a scroll labeled OTZUCW KOKIPA; a hobgoblin corpse A rat and 4 gnolls come into view.
The gnoll shouts! x4; The adder hisses angrily.
The gnoll throws a throwing net.
You block the throwing net.
The gnoll throws a throwing net.
The throwing net hits you.
You become entangled in the net!
The gnoll moves out of view.
Found an escape hatch in the floor.
Things that are here:
a throwing net x2
You tear a large gash into the net.
There are monsters nearby!
There are monsters nearby!
Unknown command.
Your skin crawls.
You feel resistant to hostile enchantments.
You are feeling hungry.
The adder barely misses you. The adder bites you but does no damage.
The gnoll hits you from afar with a halberd.
A red film seems to cover your vision as you go berserk!
You feel yourself moving faster!
You feel mighty!
You are near starving!
The adder bites you but does no damage.
You shred the net and break free!
You feel a strong urge to attack something.
The adder barely misses you.
You miss the adder. You slash the rat!
You kill the rat!
Trog accepts your kill. You block the adder's attack.
The gnoll hits you but does no damage.
You slash the adder!
The adder is severely wounded.
You block the adder's attack.
The gnoll hits you from afar with a spear. x2
You completely miss the adder.
The adder is severely wounded.
You block the adder's attack.
A hobgoblin comes into view.
The hobgoblin shouts!
You slash the adder!
You kill the adder!
Trog accepts your kill. The gnoll closely misses you.
The gnoll barely misses you.
You feel the effects of Trog's Hand fading.
You block the gnoll's attack. The gnoll closely misses you.
The gnoll barely misses you. x2
You see here an adder corpse.
You barely miss the gnoll. You closely miss the gnoll.
You are no longer berserk.
You are exhausted.
You feel yourself slow down. The gnoll closely misses you.
The gnoll barely misses you. The gnoll misses you.
You slash the gnoll!
The gnoll is heavily wounded.
You hit the gnoll.
The gnoll hits you from afar with a halberd.
The gnoll barely misses you. The gnoll hits you with a spear.
You block the gnoll's attack.
The gnoll hits you from afar with a halberd!
You closely miss the gnoll.
The gnoll is heavily wounded.
You hit the gnoll. The gnoll hits you with a spear.
The gnoll hits you but does no damage. The gnoll closely misses you.
The gnoll completely misses you. The gnoll misses you.
The gnoll hits you with a spear.
You hit the gnoll.
The gnoll is heavily wounded.
You hit the gnoll.
Your skin stops crawling.
You feel less resistant to hostile enchantments.
The gnoll hits you but does no damage. The gnoll closely misses you.
The gnoll hits you with a spear.
* * * LOW HITPOINT WARNING * * *
The gnoll closely misses you.
You are too injured to fight recklessly!
Unknown command.
It was a potion of curing.
You feel better.
The gnoll hits you from afar with a halberd.
The gnoll barely misses you. x2; The gnoll closely misses you.
The gnoll hits you with a spear.
* * * LOW HITPOINT WARNING * * *
The gnoll hits you but does no damage.
The gnoll hits you from afar with a halberd.
* * * LOW HITPOINT WARNING * * *
The gnoll hits you from afar with a halberd!
You die...

#.# #.# #.# ###
#.# ... #.# #.#
#.# ####..#
##.###[####.....#
#........?(..#
#..###.####@.# #
#.# #gg# #..


ggg.# ... .....# #####..... ....### ..#.# #.. .# You could see 4 gnolls and a
hobgoblin.

Vanquished Creatures
  An adder (D:2)
  An ooze (D:1)
  3 dart slugs (D:1)
  2 leopard geckos (D:1)
  3 giant cockroaches
  A goblin (D:1)
  3 hobgoblins
  4 jackals (D:1)
  A bat (D:1)
  3 kobolds (D:1)
  6 rats
28 creatures vanquished.

Notes
Turn   | Place    | Note
-------+----------+-------------------------------------------
     0 | D:1      | dstrtnsr the Hill Orc Berserker began the quest for the Orb.
     0 | D:1      | Reached XP level 1. HP: 19/19 MP: 1/1
    66 | D:1      | HP: 8/20 [giant cockroach (2)]
   296 | D:1      | Reached XP level 2. HP: 27/27 MP: 2/2
   582 | D:1      | Reached skill level 5 in Axes
   609 | D:1      | Reached XP level 3. HP: 30/33 MP: 3/3
   666 | D:1      | Reached ** piety under Trog
  1307 | D:2      | HP: 12/34 [gnoll/spear (5)]
  1309 | D:2      | Slain by a gnoll

Vault maps used:
D:1:      saegor_arrival_under_anarchy
D:2:      lemuel_doored_altar, nicolae_overflow_hidden_temple, uniq_terence

Skill      XL: |  1  2 |
---------------+-------+-----
Fighting       | 4 |  4.3
Axes           | 5 |  5.5
Armour         | |  2.1
Dodging        | |  1.5

Action                   || total
-------------------------++-------
Melee: Hand axe          ||    75
Invok: Berserk           ||     3
       Trog's Hand       ||     1
  Use: Scroll            ||     1
       Potion            ||     1
  Eat: Chunk             ||     3
Armor: Animal skin       ||    15
       Ring mail         ||     9
Dodge: Dodged            ||    65
Block: Buckler           ||     6

Table legend:
 A = Spawn XP
 B = Non-spawn XP
 C = Spawn XP percentage of total XP
 D = Spawn monster count
 E = Non-spawn monster count
 F = Spawn count percentage of total count
 G = Total turns spent on level
                    A         B        C        D         E        F      G
               +---------+---------+-------+---------+---------+-------+---------
         Total |       0 |      72 |   0.0 |       0 |      28 |   0.0 |  1309
               +---------+---------+-------+---------+---------+-------+---------
           D:1 |       0 |      52 |   0.0 |       0 |      23 |   0.0 |  1139
           D:2 |       0 |      20 |   0.0 |       0 |       5 |   0.0 |   170
               +---------+---------+-------+---------+---------+-------+---------
